 Dungeon Sprint DCSS version 0.28.0-53-g5a82cb258f (webtiles) character file.

Game seed: 117141622342663109

18 Atelerd the Skirmisher (level 2, -5/30 HPs)
             Began as a Gargoyle Berserker on July 17, 2022.
             Was a Follower of Trog.
             Slain by a merfolk
             ... wielding a +0 trident
              (12 damage)
             ... in the Dungeon (Sprint V: "Ziggurat Sprint").
             The game lasted 00:01:12 (218 turns).

Atelerd the Skirmisher (Gargoyle Berserker)          Turns: 218, Time: 00:01:12

Health: -5/30      AC: 29    Str: 20    XL:     2   Next: 66%
Magic:  3/3        EV:  0    Int:  7    God:    Trog [*.....]
Gold:   0          SH: 25    Dex:  9    Spells: 1/1 levels left

rFire   . . .      SeeInvis .   a - +0 hand axe
rCold   . . .      Faith    .   C - +18 shield of the Gong {rElec rN+ Will+ EV-5}
rNeg    + + .      Spirit   .   B - +15 Maxwell's patent armour {-Cast -Tele rElec Will+ rCorr}
rPois   ∞          Reflect  .   (no helmet)
rElec   +          Harm     .   (no cloak)
rCorr   +          Rampage  .   (no gloves)
Will    ++...      NoTele   +   (no boots)
Stlth   .......... NoCast   +   (no amulet)
HPRegen 0.10/turn               (no ring)
MPRegen 0.08/turn               (no ring)

@: berserking (expiring), very quick
A: sickness immunity, AC +2, negative energy resistance 1, electricity
resistance, torment resistance 1, petrification resistance
a: Renounce Religion, Berserk


You were in the Dungeon.
You worshipped Trog.
Trog was aware of your devotion.
You visited 1 branch

Inventory:

Hand Weapons
 a - a +0 hand axe (weapon)
 A - the +14 obsidian axe {vorpal, Mesm Drain Fly SInv}
   (You found it in the Dungeon)

   It inflicts extra damage upon your enemies.
   It occasionally summons demons to assist the wielder when it strikes in
   combat.
   Its wielder is mesmerised by any visible foes.
   It cannot be unequipped while any foes are visible.
   SInv:      It lets you see invisible.
   Fly:       It grants you flight.
   Drain:     It drains your maximum health when unequipped.
Armour
 b - a +0 animal skin
 B - the +15 Maxwell's patent armour (worn) {-Cast -Tele rElec Will+ rCorr}
   (You found it in the Dungeon)

   rElec:     It insulates you from electricity.
   -Cast:     It prevents spellcasting.
   -Tele:     It prevents most forms of teleportation.
   rCorr:     It protects you from acid and corrosion.
   Will:      It increases your willpower.
 C - the +18 shield of the Gong (worn) {rElec rN+ Will+ EV-5}
   (You found it in the Dungeon)

   It is deafeningly noisy when blocking attacks.
   EV:        It affects your evasion (-5).
   rElec:     It insulates you from electricity.
   rN:        It protects you from negative energy.
   Will:      It increases your willpower.
Jewellery
 p - a ring of flight
 q - a +6 ring of dexterity
 r - a +6 ring of dexterity
 s - a +6 ring of intelligence
 t - a +6 ring of intelligence
 u - a +6 ring of strength
 v - a +6 ring of strength
Wands
 m - a wand of mindburst (7)
 n - a wand of iceblast (7)
 o - a wand of acid (7)
Scrolls
 h - 4 scrolls of blinking
 w - 7 scrolls of fog
 x - a scroll of holy word
 y - 5 scrolls of identify
 z - 2 scrolls of fear
Potions
 c - 10 potions of curing
 d - 10 potions of heal wounds
 e - 6 potions of haste
 f - 7 potions of magic
 g - 3 potions of berserk rage
 i - 2 potions of invisibility
 j - 4 potions of resistance
 l - 5 potions of might


   Skills:
 + Level 4.0 Fighting
 + Level 1.1(1.5) Short Blades
 + Level 1.4(1.7) Long Blades
 + Level 3.5(3.6) Axes
 + Level 1.1(2.6) Polearms
 + Level 1.2(1.5) Staves
 + Level 1.7(1.9) Slings
 + Level 1.2 Bows
 + Level 1.2 Crossbows
 + Level 1.1(1.6) Throwing
 + Level 2.9 Armour
 + Level 2.2 Dodging
 + Level 1.5 Stealth
 * Level 2.5 Shields
 + Level 1.2 Unarmed Combat
 + Level 1.3 Invocations
 + Level 1.3 Evocations


You had one spell level left.
You didn't know any spells.
Your spell library was empty.

Dungeon Overview and Level Annotations

Branches:
Dungeon (1/1)

Altars:
Ashenzari
Cheibriados
Dithmenos
Elyvilon
Fedhas
Gozag
Hepliaklqana
Kikubaaqudgha
Makhleb
Nemelex Xobeh
Okawaru
Qazlal
Ru
Sif Muna
Trog
Uskayaw
Vehumet
Wu Jian
Xom
Yredelemnul
Zin
The Shining One
Beogh
Jiyva
Lugonu

Annotations:
D 1 transporter


Innate Abilities, Weirdness & Mutations

You are immune to sickness and miasma.
Your stone body is resilient. (AC +2)
You are immune to poison.
You resist negative energy. (rN+)
You are resistant to electric shocks. (rElec)
You are resistant to unholy torment.
You are immune to petrification.


Message History

You block the boomerang.
You feel a strong urge to attack something.
You block the merfolk's attack.
SHROANNG!
Unknown command.
You closely miss the merfolk.
The merfolk hits you but does no damage.
You block the merfolk's attack.
PANG!
The merfolk hits you from afar with a +1 trident of venom!
Unknown command.
You slash the merfolk!
The merfolk is lightly wounded.
The merfolk throws a boomerang.
GONNNNG!
You block the boomerang.
The merfolk throws a boomerang.
GONNNNG!
You block the boomerang.
You barely miss the merfolk.
The merfolk is lightly wounded.
You block the merfolk's attack.
GONNNNG!
You block the merfolk's attack.
BONNNG!
Unknown command.
You hit the merfolk.
The merfolk is moderately wounded.
You block the merfolk's attack.
PANG!
You block the merfolk's attack.
PTOANNNG!
The merfolk throws a boomerang.
The boomerang hits you!
Ouch! That really hurt!
* * * LOW HITPOINT WARNING * * *
You closely miss the merfolk.
The merfolk is moderately wounded.
You block the merfolk's attack.
BONNNG!
The merfolk hits you with a +0 trident!
You die...

▓▓▓▓▓▓▓▓▓▓▓▓▓
▓.8©8.▓.8©8.▓
▓.)}).▓.....▓
▓.....▓.|.).▓
▓.mm..▓.....▓
▓.....▓.....▓
▓..@m.▓..©..▓
▓..©..▓▓▓▓▓▓▓
▓▓▓▓▓▓▓


You could see 3 merfolk.

Vanquished Creatures
  A river rat (D)
  A jackal (D)
2 creatures vanquished.

Notes
Turn   | Place    | Note
-------+----------+-------------------------------------------
     0 | D        | Atelerd the Gargoyle Berserker began the quest for the Orb.
     0 | D        | Reached XP level 1. HP: 14/14 MP: 1/1
     0 | D        | Found a blossoming altar of Fedhas.
     0 | D        | Found the +6 Majin-Bo {vamp, MP+6 Int+6}
     0 | D        | Found the +9 heavy crossbow "Sniper" {vorpal, Acc+∞ SInv}
     0 | D        | Found the +10 dark maul {vorpal}
     0 | D        | Found the +15 Maxwell's patent armour {-Cast -Tele rElec
                  | Will+ rCorr}
     0 | D        | Found the +18 shield of the Gong {rElec rN+ Will+ EV-5}
     0 | D        | Found the +14 obsidian axe {vorpal, Mesm Drain Fly SInv}
     0 | D        | Found the +7 great mace "Firestarter" {inner flame, rF++}
     0 | D        | Found the +6 shillelagh "Devastator" {shatter}
     0 | D        | Found the +11 plutonium sword {Contam Stlth-}
     0 | D        | Found the +8 lance "Wyrmbane" {slay drac, rPois rF+ rC+
                  | AC+3}
     0 | D        | Found the +9 sword of Zonguldrok {reap}
     0 | D        | Found the +13 scythe of Curses {drain, Drain}
     0 | D        | Found the +5 sword of Power {vorpal}
     0 | D        | Found the +7 mace of Variability {chain chaos}
     0 | D        | Found the +7 Singing Sword {vorpal, sonic wave}
     0 | D        | Found the +8 storm bow {elec, penet}
     1 | D        | Found a shimmering blue altar of Sif Muna.
     1 | D        | Found a sacrificial altar of Ru.
     1 | D        | Found a bloodstained altar of Trog.
     1 | D        | Found a stormy altar of Qazlal.
     1 | D        | Found an iron altar of Okawaru.
     1 | D        | Found a sparkling altar of Nemelex Xobeh.
     8 | D        | Found a corrupted altar of Lugonu.
     8 | D        | Found a burning altar of Makhleb.
     8 | D        | Found an ancient bone altar of Kikubaaqudgha.
     8 | D        | Found a transporter.
     8 | D        | Found a viscous altar of Jiyva.
    11 | D        | Found a hazy altar of Hepliaklqana.
    19 | D        | Found an opulent altar of Gozag.
    63 | D        | Reached skill level 1 in Short Blades
    63 | D        | Reached skill level 1 in Long Blades
    63 | D        | Reached skill level 1 in Polearms
    63 | D        | Reached skill level 1 in Staves
    63 | D        | Reached skill level 1 in Slings
    63 | D        | Reached skill level 1 in Bows
    63 | D        | Reached skill level 1 in Crossbows
    63 | D        | Reached skill level 1 in Throwing
    63 | D        | Reached skill level 1 in Stealth
    63 | D        | Reached skill level 1 in Unarmed Combat
    63 | D        | Reached skill level 1 in Invocations
    63 | D        | Reached skill level 1 in Evocations
    63 | D        | Reached XP level 2. HP: 20/20 MP: 1/3
    64 | D        | Entered arena 2.
    64 | D        | Found a transporter.
    91 | D        | Reached skill level 4 in Fighting
   211 | D        | Entered arena 3.
   211 | D        | Noticed a merfolk
   211 | D        | Noticed a merfolk
   211 | D        | Noticed a merfolk
   211 | D        | Found a transporter.
   218 | D        | Slain by a merfolk

Illustrated notes

Levels and vault maps discovered:
D:        sprint_v [room_start, room_1, room_2, room_3, room_4, room_5, room_6,
          room_7, room_8, room_9, room_10, room_11, room_12, room_13, room_14,
          room_15, room_16, room_17, room_18, room_19, room_20, room_21,
          room_22, room_23, room_24, room_25, room_26, room_27]

Skill      XL: |  1  2 |
---------------+-------+-----
Short Blades   | 1 |  1.1
Long Blades    | 1 |  1.4
Axes           | 3 |  3.5
Polearms       | 1 |  1.1
Staves         | 1 |  1.2
Slings         | 1 |  1.7
Bows           | 1 |  1.2
Crossbows      | 1 |  1.2
Throwing       | 1 |  1.1
Dodging        | 2 |  2.2
Stealth        | 1 |  1.5
Shields        | 2 |  2.5
Unarmed Combat | 1 |  1.2
Invocations    | 1 |  1.3
Evocations     | 1 |  1.3
Fighting       | 4 |  4.0
Armour         | |  2.9

Action                   || total
-------------------------++-------
Melee: Hand axe          ||    28
Invok: Berserk           ||     1
  Use: Potion            ||     1
Armor: Plate armour      ||     6
Block: Kite shield       ||    35
